 Dungeon Crawl Stone Soup version 0.29.1-2-gbd0b4ee654 (webtiles) character file.

Game seed: 8022435239530365245

114 cdecastro the Sneak (level 4, -2/21 HPs)
             Began as a Vine Stalker Enchanter on Nov 2, 2022.
             Was a Believer of Ru.
             Succumbed to an orc's poison
             ... on level 4 of the Dungeon.
             The game lasted 00:06:12 (2988 turns).

cdecastro the Sneak (Vine Stalker Enchanter)        Turns: 2988, Time: 00:06:13

Health: -2/21      AC:  2    Str: 10    XL:     4   Next: 97%
Magic:  1/8        EV: 16    Int: 17    God:    Ru [**....]
Gold:   176        SH:  0    Dex: 15    Spells: 5/7 levels left

rFire   . . .      SeeInvis .   a - +1 dagger
rCold   . . .      Faith    .   (no shield)
rNeg    . . .      Spirit   +   s - +0 robe
rPois   +          Reflect  .   (no helmet)
rElec   .          Harm     .   (no cloak)
rCorr   .          Rampage  .   (no gloves)
Will    .....                   (no boots)
Stlth   +++.......              (no amulet)
HPRegen 0.87/turn               o - +4 ring of evasion
MPRegen 0.11/turn               u - ring of poison resistance

@: lethally poisoned (-2 -> -11), very slightly contaminated, invisible
A: fangs 2, regeneration 1, magic shield, antimagic bite, no potion heal 2,
hated by all
a: Renounce Religion


You were on level 4 of the Dungeon.
You worshipped Ru.
Ru was pleased with you.
You visited 1 branch of the dungeon, and saw 4 of its levels.

You collected 176 gold pieces.

Inventory:

Hand Weapons
 a - a +1 dagger (weapon)
 b - the +6 scimitar "Ewoah" {drain, Will+ Str+6 Int+3}
   (You found it on level 3 of the Dungeon)

   A truly terrible weapon, it drains the life of any living foe it strikes.
   Str:       It affects your strength (+6).
   Int:       It affects your intelligence (+3).
   Will:      It increases your willpower.
 t - a +0 dagger of venom
Missiles
 d - 30 stones
 h - 5 poisoned darts
 r - 5 curare-tipped darts
 y - a throwing net
Armour
 s - a +0 robe (worn)
 z - a +0 leather armour
Jewellery
 o - a +4 ring of evasion (left hand)
 u - a ring of poison resistance (right hand)
Scrolls
 e - a scroll of enchant weapon {unknown}
 i - a scroll of blinking {unknown}
 j - a scroll of fear {unknown}
 k - a scroll of amnesia {unknown}
 l - a scroll of teleportation {unknown}
 m - 2 scrolls of summoning {unknown}
 p - 2 scrolls of identify {unknown}
 q - a scroll of immolation {unknown}
 v - a scroll of enchant armour {unknown}
Potions
 c - 2 potions of invisibility
 f - 2 potions of heal wounds
 g - a potion of haste {unknown}
 n - 3 potions of might {unknown}
 w - a potion of resistance {unknown}
 x - a potion of mutation {unknown}


   Skills:
 - Level 2.1 Short Blades
 - Level 1.5 Dodging
 + Level 5.0 Stealth
 - Level 2.1 Spellcasting
 - Level 3.0 Hexes
 * Level 2.6 Ice Magic


You had 5 spell levels left.
You knew the following spells:

 Your Spells              Type           Power      Damage    Failure   Level
a - Ensorcelled Hibernat  Hex/Ice        22%        N/A       9%          2

Your spell library contained the following spells:

 Spells                   Type           Power      Damage    Failure   Level
 Confusing Touch          Hex            12%        N/A       17%         3
 Sting                    Tmut/Pois      4%         1d3       19%         1
 Ozocubu's Armour         Ice            10%        N/A       19%         3
 Poisonous Vapours        Pois/Air       2%         N/A       28%         2
 Dazzling Flash           Conj/Hex       12%        N/A       30%         3
 Portal Projectile        Hex/Tloc       12%        N/A       30%         3
 Metabolic Englaciation   Hex/Ice        5%         N/A       86%         5
 Olgreb's Toxic Radiance  Pois           1%         N/A       88%         4
 Blade Hands              Tmut           0%         N/A       99%         5
 Tukima's Dance           Hex            Unusable   N/A       N/A         3
 Simulacrum               Ice/Necr       Unusable   N/A       N/A         6

Dungeon Overview and Level Annotations

Branches:
Dungeon (4/15)
 Temple: D:4-7

Altars:
Ru

Annotations:
D:2 Sigmund


Innate Abilities, Weirdness & Mutations

You have extremely sharp teeth.
Your natural rate of healing is unusually fast.
When hurt, damage is shared between your health and your magic reserves.
Your bite disrupts and absorbs the magic of your enemies.
Potions cannot restore your health.
You are hated by all.


Message History

The helpless hobgoblin fails to defend itself.
You impale the hobgoblin!!
You kill the hobgoblin!
Aiming: Ensorcelled Hibernation (safe; 10% risk of failure)
Press: ? - help, Q - select action, (/) - cycle Shift-Dir - straight line, f - adder
Aim: an adder (chance to affect: 53%)
The adder looks drowsy...
Unknown command.
The helpless adder fails to defend itself.
You impale the adder!!
You kill the adder!
Your Stealth skill increases to level 5!
An orc comes into view. It is wielding a +2 war axe of venom.
Found 11 gold pieces.
The orc shouts!
Aiming: Ensorcelled Hibernation (safe; 9% risk of failure)
Press: ? - help, Q - select action, (/) - cycle Shift-Dir - straight line, f - orc
Aim: an orc, wielding a +2 war axe of venom (chance to affect: 62%)
You miscast Ensorcelled Hibernation.
You are very lightly contaminated with residual magic.
Nothing appears to happen.
A goblin comes into view. It is wielding a +0 club.
The orc hits you with a +2 war axe of venom.
You are poisoned.
Unknown command.
Aiming: Ensorcelled Hibernation (safe; 9% risk of failure)
Press: ? - help, Q - select action, (/) - cycle Shift-Dir - straight line, f/p - orc
Aim: an orc, wielding a +2 war axe of venom (chance to affect: 62%)
You miscast Ensorcelled Hibernation.
Nothing appears to happen.
You feel very sick.
The orc hits you with a +2 war axe of venom!
* * * LOW HITPOINT WARNING * * *
You are more poisoned.
You don't have enough magic to cast this spell.
You fade into invisibility!
* * * LOW HITPOINT WARNING * * *
You feel very sick. The orc misses you.
It was a potion of heal wounds.
That seemed strangely inert.
You die...

### ..# #.# . #.# ###
#.###.# ...##
......############.....#
#....<..........@o...g..
..#.####†#######.....$..
# #.# #........ #.#
#.#.....# #.# #.##...##
#.####.#######.# #.##
#..S..†......... .#
##.###.#####.#.# # #.#


You could see an orc (unable to see you) and a goblin (unable to see you).

Vanquished Creatures
  Terence (D:2)
  4 adders
  An orc (D:3)
  8 ball pythons
  7 bats
  An endoplasm (D:3)
  A giant cockroach (D:3)
  2 goblins
  6 hobgoblins
  4 jackals (D:1)
  4 quokkas
  6 frilled lizards
  5 kobolds
  2 rats (D:1)
52 creatures vanquished.

Notes
Turn   | Place    | Note
-------+----------+-------------------------------------------
     0 | D:1      | cdecastro the Vine Stalker Enchanter began the quest for
                  | the Orb.
     0 | D:1      | Reached XP level 1. HP: 9/9 MP: 4/4
   245 | D:1      | Reached skill level 1 in Short Blades
   558 | D:1      | Reached XP level 2. HP: 11/13 MP: 6/6
   640 | D:1      | Reached skill level 4 in Stealth
  1116 | D:1      | Reached XP level 3. HP: 13/16 MP: 4/7
  1123 | D:1      | Learned a level 2 spell: Ensorcelled Hibernation
  1575 | D:2      | Noticed Terence
  1586 | D:2      | Killed Terence
  1587 | D:2      | Reached skill level 1 in Ice Magic
  1775 | D:2      | Noticed Sigmund
  1918 | D:2      | Gained mutation: Your natural rate of healing is unusually
                  | fast. [Vine Stalker growth]
  1918 | D:2      | Reached XP level 4. HP: 18/21 MP: 6/8
  2358 | D:3      | Identified the +6 scimitar "Ewoah" {drain, Will+ Str+6
                  | Int+3}
  2616 | D:3      | Found a faded altar of an unknown god.
  2627 | D:3      | Prayed at the altar of an unknown god.
  2627 | D:3      | Became a worshipper of Ru the Awakened
  2633 | D:3      | Gained mutation: You are hated by all. [Ru sacrifice]
  2633 | D:3      | Reached * piety under Ru
  2633 | D:3      | Reached ** piety under Ru
  2978 | D:4      | Reached skill level 5 in Stealth
  2987 | D:4      | HP: 1/21 [poisoned by an orc]
  2988 | D:4      | Succumbed to an orc's poison

Illustrated notes

Levels and vault maps discovered:
D:1:      scummos_arrival_checkerplants, layout_basic, roderic_roman_lattice
D:2:      layout_loops_ring, uniq_terence, uniq_sigmund
D:3:      layout_basic, shapermc_ecumenical_altar_totnotflames
D:4:      layout_loops_ring, minmay_temple_entry_tees, enter_ossuary_4

Skill      XL: |  1  2  3  4 |
---------------+-------------+-----
Short Blades   | 1 2 |  2.1
Stealth        | 4 5 |  5.0
Ice Magic      | 1 2 |  2.6
Dodging        | |  1.5
Spellcasting   | |  2.1
Hexes          | |  3.0

Action                   |  1- 3 |  4- 6 || total
-------------------------+-------+-------++-------
Melee: Dagger            |    99 |    49 ||   148
       Bite              |    14 |     7 ||    21
       Punch             |     1 |       ||     1
 Cast: Ensorcelled Hiber |     4 |     2 ||     6
Invok: Sacrifice Love    |       |     1 ||     1
  Use: Potion            |       |     2 ||     2
 Stab: Sleeping          |     5 |    11 ||    16
Armor: Robe              |    19 |     3 ||    22
Dodge: Dodged            |    73 |    33 ||   106
